 Dungeon Crawl Stone Soup version 0.30.1-9-gdf580d7c3d (webtiles) character file.

Game seed: 14469449316603096093

39 lonewolfV2 the Gusty (level 3, 0/24 HPs)
             Began as a Demonspawn Air Elementalist on Oct 24, 2023.
             Succumbed to an adder's poison
             ... on level 2 of the Dungeon.
             The game lasted 00:03:04 (1626 turns).

lonewolfV2 the Gusty (Demonspawn Air Elementalist)  Turns: 1626, Time: 00:03:04

Health: 0/24       AC:  2    Str:  8    XL:     3   Next: 26%
Magic:  0/7        EV: 12    Int: 18    God:
Gold:   117        SH:  0    Dex: 13    Spells: 5/8 levels left

rFire   . . .        j - +5 hand axe (heavy)
rCold   . . .        (no shield)
rNeg    . . .        a - +0 robe
rPois   .            (no helmet)
rElec   .            (no cloak)
rCorr   .            (no gloves)
SInv    .            (no boots)
Will    +....        (no amulet)
Stlth   ++           i - ring of willpower
HPRegen 0.24/turn    (no ring)
MPRegen 0.10/turn

%: no passive effects
@: lethally poisoned (0 -> -8), very slightly contaminated
A: powered by pain 2
a: no special abilities


You were on level 2 of the Dungeon.
You visited 1 branch of the dungeon, and saw 2 of its levels.

You collected 117 gold pieces.

Inventory:

Hand Weapons
 j - a +5 heavy hand axe (weapon)
Armour
 a - a +0 robe (worn)
Jewellery
 i - a ring of willpower (left hand)
Scrolls
 c - a scroll of silence {unknown}
 g - 2 scrolls of enchant weapon
Potions
 b - a potion of magic
 d - 2 potions of resistance {unknown}
 f - 2 potions of curing {unknown}
 h - 2 potions of mutation {unknown}
 k - a potion of heal wounds {unknown}


   Skills:
 - Level 1.7 Dodging
 - Level 1.7 Stealth
 * Level 3.1 Spellcasting
 - Level 1.0 Conjurations
 + Level 3.1 Air Magic


You had 5 spell levels left.
You knew the following spells:

 Your Spells              Type           Power      Damage    Failure   Level
a - Shock                 Conj/Air       40%        1d5       7%          1
b - Static Discharge      Conj/Air       20%        2-3/arc   11%         2

Your spell library contained the following spells:

 Spells                   Type           Power      Damage    Failure   Level
 Swiftness                Air            14%        N/A       13%         3
 Airstrike                Air            7%         2d(1-17)  41%         4


Dungeon Overview and Level Annotations

Branches:
Dungeon (2/15)

Altars:


Innate Abilities, Weirdness & Mutations

You sometimes gain power by taking damage.


Message History

Confirm with . or Enter, or press ? or * to list all spells.
The jackal is struck by an arc of lightning.
The jackal is almost dead.
You are struck by an arc of lightning.
The lightning grounds out.
The jackal is struck by an arc of lightning.
You kill the jackal!
You are struck by an arc of lightning.
The lightning grounds out.
A jackal comes into view.
The jackal bites you.
You slash the jackal!
You kill the jackal!
You closely miss the adder. The adder bites you.
You are poisoned.
The adder poisons you! The adder barely misses you.
A jackal comes into view.
You feel sick. The adder barely misses you.
Casting: Static Discharge (safe; 11% risk of failure)
Confirm with . or Enter, or press ? or * to list all spells.
Aiming: Shock (safe; 7% risk of failure)
Press: ? - help, Shift-Dir - straight line The zap misses the adder.
The zap hits the adder.
The adder is heavily wounded.
The jackal barks!
You feel sick. The adder bites you. The jackal closely misses you.
The adder barely misses you.
You closely miss the adder.
The adder is heavily wounded.
You hit the jackal.
You feel sick. The jackal misses you. The adder barely misses you.
The jackal bites you.
* * * LOW HITPOINT WARNING * * *
The adder barely misses you.
The jackal bites you but does no damage.
A quokka comes into view.
The adder attacks as you move away! The adder misses you.
You feel sick. The adder bites you.
* * * LOW HITPOINT WARNING * * *
You are more poisoned.
The adder poisons you! The jackal attacks as you move away!
The jackal closely misses you.
You die...

##.#.........#####
...##.##...##...........
#..........##)####.####.
.##...................####
....................).###
#.......................
.##......................#
.....h.h.#..#.......<#...#
.?....#S.@................
.r......##.##........###..
......####.##.######.###..
.#.##. #.##..# #.....# # $
#.###.# ##...## #. #.###.#
#..#.# # #..##.### #.##.#
##.##^..# #.##.##
#.####.###.##..#


You could see an adder and 2 jackals.

Vanquished Creatures
  A dart slug (D:1)
  A bat (D:2)
  2 endoplasms
  3 giant cockroaches
  3 hobgoblins
  4 jackals
  4 kobolds
  A quokka (D:1)
  5 ball pythons
  2 frilled lizards (D:1)
  5 goblins
  2 rats
33 creatures vanquished.

Notes
Turn   | Place    | Note
-------+----------+-------------------------------------------
     0 | D:1      | lonewolfV2 the Demonspawn Air Elementalist began the quest
                  | for the Orb.
     0 | D:1      | Reached XP level 1. HP: 13/13 MP: 3/3
   406 | D:1      | Gained mutation: You sometimes gain a little power by
                  | taking damage. [demonic ancestry]
   406 | D:1      | Reached XP level 2. HP: 19/19 MP: 0/5
   858 | D:1      | Learned a level 2 spell: Static Discharge
  1317 | D:2      | Gained mutation: You sometimes gain power by taking damage.
                  | [demonic ancestry]
  1317 | D:2      | Reached XP level 3. HP: 24/24 MP: 4/7
  1626 | D:2      | Succumbed to an adder's poison

Illustrated notes

Levels and vault maps discovered:
D:1:      dpeg_arrival_orchard, layout_loops_ring
D:2:      layout_rooms, grunt_decor_cap

Skill      XL: |  1  2  3 |
---------------+----------+-----
Air Magic      | 3 |  3.1
Spellcasting   | 3 |  3.1
Dodging        | |  1.7
Stealth        | |  1.7
Conjurations   | |  1.0

Action                     || total
---------------------------++-------
  Melee: Unarmed           ||     3
         Hand axe          ||     2
   Cast: Shock             ||    54
         Static Discharge  ||     2
    Use: Scroll            ||     3
 Armour: Robe              ||     1
  Dodge: Dodged            ||    21
